 Dungeon Crawl Stone Soup version 0.20.0-15-g7f486f2 (webtiles) character file.

149 Feta the Shield-Bearer (level 5, 0/42 HPs)
             Began as a Formicid Fighter on June 14, 2017.
             Slain by a gnoll
             ... wielding a +0 whip
              (6 damage)
             ... on level 3 of the Dungeon.
             The game lasted 00:02:53 (1044 turns).

Feta the Shield-Bearer (Formicid Fighter)           Turns: 1044, Time: 00:02:54

Health: 0/42       AC: 12    Str: 21    XL:     5   Next: 56%
Magic:  5/5        EV:  8    Int:  8    God:
Gold:   91         SH:  9    Dex: 10    Spells: 4/4 levels left

rFire    + . .     SeeInvis +   a - +0 war axe
rCold    + . .     Gourm    .   c - +0 shield
rNeg     . . .     Faith    .   b - +0 scale mail
rPois    .         Spirit   .   (helmet unavailable)
rElec    .         Reflect  .   e - scarf {rC+ rF+}
rCorr    .         Harm     .   w - +0 pair of gloves
MR       .....                  (no boots)
Stlth    ..........             (no amulet)
Regen    0.2/turn               o - +4 ring of protection
MPRegen  0.1/turn               (no ring)

@: no status effects
A: permanent stasis, dig shafts and tunnels, four strong arms, antennae 3
a: Dig, Shaft Self


You were on level 3 of the Dungeon.
You were not hungry.

You visited 1 branch of the dungeon, and saw 3 of its levels.

You collected 91 gold pieces.

Inventory:

Hand Weapons
 a - a +0 war axe (weapon)
Missiles
 k - 71 stones (quivered)
 p - 15 arrows
 v - 28 bolts
 x - 15 poisoned needles
 y - 2 javelins
Armour
 b - a +0 scale mail (worn)
 c - a +0 shield (worn)
 e - a scarf of resistance (worn)
 w - a +0 pair of gloves (worn)
Jewellery
 o - a +4 ring of protection (left hand)
Scrolls
 g - a scroll of blinking {unknown}
 h - 3 scrolls of teleportation {unknown}
 j - a scroll of magic mapping {unknown}
 m - 5 scrolls of identify {unknown}
 s - a scroll of enchant weapon {unknown}
 u - 2 scrolls of remove curse {unknown}
Potions
 d - 2 potions of might
 i - a potion of flight {unknown}
 q - 2 potions of brilliance {unknown}
 r - a potion of haste {unknown}
 t - a potion of magic {unknown}
Comestibles
 f - a bread ration
 l - 2 chunks of flesh
 n - 4 meat rations


   Skills:
 + Level 3.9 Fighting
 + Level 3.6 Axes
 + Level 4.0 Armour
 + Level 0.8 Dodging
 + Level 4.5 Shields


You had 4 spell levels left.
You didn't know any spells.

Dungeon Overview and Level Annotations

Branches:
Dungeon (3/15)

Altars:


Innate Abilities, Weirdness & Mutations

You cannot be hasted, slowed, berserked, paralysed or teleported.
You can dig through walls and to a lower floor.
Your four strong arms can wield two-handed weapons with a shield.
You have a pair of large antennae on your head. (SInv)


Message History

You barely miss the gnoll. The gnoll hits you with a whip.
You block the gnoll's attack.
Your shield and scale mail prevent you from hitting the gnoll.
The gnoll is moderately wounded.
You hit the gnoll. The gnoll hits you with a whip.
* * * LOW HITPOINT WARNING * * *
The gnoll hits you but does no damage. You block the gnoll's attack. x2
Unknown command.
You hit the gnoll but do no damage.
The gnoll is severely wounded.
You barely miss the gnoll. The gnoll barely misses you. x2
The gnoll hits you with a whip.
* * * LOW HITPOINT WARNING * * *
Unknown command.
You hit the gnoll.
The gnoll is almost dead.
You hit the gnoll but do no damage. The gnoll hits you with a whip.
* * * LOW HITPOINT WARNING * * *
The gnoll hits you but does no damage. The gnoll hits you with a whip.
You die...

#######..
..........
...........
..........#
..........# #
.....[....# .#
..........# ..#
#.........@#...##
#........gg.......
.........)###>##.
#.......###
#.###.#.### {
#..<#..†..# {
###.....#.#
#.#####.# #.# #.#


You could see 2 gnolls.

Vanquished Creatures
  Jessica (D:2)
  2 gnolls
  4 adders (D:2)
  2 oozes
  2 worms (D:2)
  3 dart slugs
  A giant cockroach (D:1)
  6 hobgoblins
  6 jackals (D:1)
  2 kobolds (D:1)
  2 quokkas
  6 bats
  7 frilled lizards
  3 goblins (D:1)
  4 rats (D:1)
51 creatures vanquished.

Notes
Turn   | Place    | Note
-------+----------+-------------------------------------------
     0 | D:1      | Feta the Formicid Fighter began the quest for the Orb.
     0 | D:1      | Reached XP level 1. HP: 18/18 MP: 1/1
   109 | D:1      | Reached XP level 2. HP: 19/24 MP: 2/2
   214 | D:1      | Reached XP level 3. HP: 19/29 MP: 3/3
   602 | D:2      | Reached XP level 4. HP: 34/36 MP: 4/4
   726 | D:2      | Noticed Jessica
   737 | D:2      | Killed Jessica
   737 | D:2      | Reached XP level 5. HP: 39/42 MP: 5/5
  1044 | D:3      | Slain by a gnoll

Skill      XL: |  1  2  3  4  5 |
---------------+----------------+-----
Shields        | 4 |  4.5
Axes           | 3 |  3.6
Armour         | 4 |  4.0
Fighting       | |  3.9
Dodging        | |  0.8

Action                   |  1- 3 |  4- 6 || total
-------------------------+-------+-------++-------
Melee: War axe           |    91 |    78 ||   169
  Eat: Chunk             |       |     1 ||     1
Armor: Scale mail        |    42 |    44 ||    86
Dodge: Dodged            |    32 |    25 ||    57
Block: Shield            |    50 |    36 ||    86
